 Dungeon Crawl Stone Soup version 0.30.0-5-g1a98f26d00 (webtiles) character file.

Game seed: 15497124311176311433

1120 SeerSkye the Cleaver (level 8, -8/71 HPs)
             Began as a Minotaur Fighter on May 10, 2023.
             Was a Follower of Cheibriados.
             Mangled by a gnoll sergeant
             ... wielding a +2 trident of holy wrath
              (10 damage)
             ... on level 6 of the Dungeon.
             The game lasted 00:06:06 (4419 turns).

SeerSkye the Cleaver (Minotaur Fighter)             Turns: 4419, Time: 00:06:07

Health: -8/71      AC: 12    Str: 26    XL:     8   Next: 12%
Magic:  5/8        EV:  7    Int:  8    God:    Cheibriados [*.....]
Gold:   216        SH:  5    Dex: 13    Spells: 7/7 levels left

rFire   . . .        a - +0 war axe
rCold   . . .        c - +0 buckler
rNeg    . . .        o - +0 plate armour
rPois   .            (helmet restricted)
rElec   .            (no cloak)
rCorr   .            (no gloves)
SInv    .            (no boots)
Will    .....        (no amulet) Stlth
                     (no ring)
HPRegen 0.31/turn    (no ring)
MPRegen 0.11/turn

%: no passive effects
@: studying Axes, very slow
A: horns 2, retaliatory headbutt
a: Renounce Religion, Bend Time


You were on level 6 of the Dungeon.
You worshipped Cheibriados.
Cheibriados was aware of your devotion.
You visited 1 branch of the dungeon, and saw 6 of its levels.

You collected 216 gold pieces.

Inventory:

Hand Weapons
 a - a +0 war axe (weapon)
Armour
 b - a +0 scale mail
 c - a +0 buckler (worn)
 o - a +0 plate armour (worn)
Wands
 u - a wand of flame (17)
 D - a wand of polymorph (8)
Scrolls
 e - a scroll of silence
 h - a scroll of summoning
 j - 4 scrolls of poison
 k - a scroll of enchant weapon
 l - 2 scrolls of fear
 m - a scroll of amnesia
 p - a scroll of magic mapping
 q - a scroll of vulnerability
 r - a scroll of enchant armour {unknown}
 w - a scroll of teleportation {unknown}
 y - a scroll of torment {unknown}
 A - a scroll of blinking {unknown}
 B - a scroll of immolation {unknown}
Potions
 d - 2 potions of might
 f - a potion of attraction
 g - 5 potions of heal wounds {@q2}
 i - 3 potions of curing {@q1}
 n - a potion of magic {unknown}
 s - 3 potions of mutation
 t - a potion of haste {unknown}
 v - 2 potions of invisibility {unknown}
 x - a potion of flight {unknown}
 z - a potion of brilliance {unknown}


   Skills:
 + Level 6.7 Fighting
 * Level 9.8 Axes
 + Level 4.7 Armour
 + Level 4.8 Shields
 + Level 2.3 Invocations


You had 7 spell levels left.
You didn't know any spells.
Your spell library contained the following spells:

 Spells                   Type           Power      Damage    Failure   Level
 Beastly Appendage        Tmut           0%         N/A       100%        1
 Magic Dart               Conj           0%         1d3       100%        1
 Searing Ray              Conj           0%         2d4       100%        2
 Wereblood                Tmut           0%         N/A       100%        2
 Spider Form              Tmut/Pois      0%         N/A       100%        3
 Volatile Blastmotes      Fire/Tloc      0%         2d10      100%        3
 Fulminant Prism          Conj/Hex       0%         3d5       100%        4
 Iskenderun's Mystic Bla  Conj/Tloc      0%         2d3       100%        4
 Lee's Rapid Deconstruct  Erth           0%         3d4*      100%        5


Dungeon Overview and Level Annotations

Branches:
Dungeon (6/15) Zot: 40366
 Temple: D:4-7

Altars:
Cheibriados
Makhleb
Ru
Xom
Zin

Shops:
D:4 *

Annotations:
D:2 exclusion: goblin


Innate Abilities, Weirdness & Mutations

You have a pair of horns on your head.
You reflexively headbutt those who attack you in melee.


Message History

The gnoll seems to slow down.
Cheibriados rebukes the gnoll.
The gnoll seems to slow down.
You block the gnoll's attack. You block the gnoll sergeant's attack.
A gnoll comes into view. It is wielding a +0 spear.
You block the gnoll's attack.
The gnoll shouts!
You hit the gnoll.
The gnoll is lightly wounded.
You hit the gnoll.
You feel sick.
You hear a shout!
The gnoll hits you from afar with a +0 halberd.
You block the gnoll sergeant's attack. The gnoll hits you with a +0 spear.
The gnoll hits you with a +0 halberd!
You hit the gnoll.
The gnoll is severely wounded.
You hit the gnoll.
You feel sick.
The gnoll hits you from afar with a +0 halberd!
* * * LOW HITPOINT WARNING * * *
The gnoll sergeant barely misses you.
You are too injured to fight recklessly!
You are too injured to fight recklessly!
You are too injured to fight recklessly!
You slash the gnoll!
You kill the gnoll!
You slash the gnoll!
You kill the gnoll!
Cheibriados appreciates the change of pace.
The gnoll hits you from afar with a +0 halberd.
* * * LOW HITPOINT WARNING * * *
The gnoll sergeant hits you from afar with a +2 trident of holy wrath!
* * * LOW HITPOINT WARNING * * *
A gnoll comes into view. It is wielding a +0 whip.
You feel sick.
You are no longer poisoned.
The gnoll shouts!
The gnoll hits you with a +0 halberd!
* * * LOW HITPOINT WARNING * * *
The gnoll sergeant hits you with a +2 trident of holy wrath!
You die...

..##.....####.#.####...##...
)...........#.#.####...##...
............#.#.............
......................#.....
................†.....#....#
......................#....#
......................#....#
#.........))g..<......#....#
#.........)@g.........#.....
############g.........#....#
#g.........#....# .......
#..... ....... ##+##.
..##### #.##. ..# #.##. ..#
#.... #....


You could see a gnoll sergeant and 3 gnolls.

Vanquished Creatures
  Edmund (D:5)
  A water moccasin (D:5)
  An ice beast (D:6)
  A black bear (D:5)
  A phantom (D:4)
  3 scorpions
  A jelly (D:5)
  A hound (D:5)
  2 iguanas
  2 sleepcaps (D:4)
  Ijyb (D:4)
  2 orc wizards (D:4)
  2 gnolls (D:6)
  9 adders
  A white imp (D:4)
  2 worms
  3 dart slugs
  6 orcs
  8 ball pythons
  8 endoplasms
  3 giant cockroaches
  15 goblins
  7 hobgoblins
  10 jackals
  4 kobolds
  5 quokkas
  5 bats
  7 frilled lizards
  9 rats
121 creatures vanquished.

Notes
Turn   | Place    | Note
-------+----------+-------------------------------------------
     0 | D:1      | SeerSkye the Minotaur Fighter began the quest for the Orb.
     0 | D:1      | Reached XP level 1. HP: 19/19 MP: 0/0
    77 | D:1      | Reached skill level 3 in Axes
    85 | D:1      | Reached XP level 2. HP: 26/27 MP: 1/1
   355 | D:1      | Reached XP level 3. HP: 33/33 MP: 2/2
   385 | D:1      | Reached skill level 4 in Axes
   412 | D:1      | Found a faded altar of an unknown god.
  1345 | D:2      | Reached XP level 4. HP: 37/41 MP: 3/3
  1742 | D:3      | Reached skill level 5 in Axes
  1862 | D:3      | Found a burning altar of Makhleb.
  2022 | D:3      | Found a snail-covered altar of Cheibriados.
  2031 | D:3      | Found a sacrificial altar of Ru.
  2175 | D:3      | Became a worshipper of Cheibriados the Contemplative
  2293 | D:3      | Found a shimmering altar of Xom.
  2722 | D:4      | Noticed a scorpion
  2726 | D:4      | Killed a scorpion
  2727 | D:4      | Reached skill level 5 in Fighting
  2727 | D:4      | Reached XP level 5. HP: 48/48 MP: 4/4
  2751 | D:4      | Noticed Ijyb
  2757 | D:4      | Killed Ijyb
  2758 | D:4      | Reached skill level 6 in Axes
  2822 | D:4      | Found Zin's Purification Station.
  2824 | D:4      | Found a glowing silver altar of Zin.
  3128 | D:4      | Reached XP level 6. HP: 54/56 MP: 5/5
  3195 | D:4      | Reached * piety under Cheibriados
  3230 | D:4      | Reached skill level 7 in Axes
  3351 | D:4      | Reached XP level 7. HP: 63/63 MP: 6/6
  3555 | D:5      | Entered Level 5 of the Dungeon
  3662 | D:5      | Reached skill level 8 in Axes
  3662 | D:5      | Reached skill level 1 in Invocations
  3837 | D:5      | Noticed Edmund
  3849 | D:5      | Killed Edmund
  4052 | D:5      | Reached skill level 9 in Axes
  4390 | D:6      | Reached XP level 8. HP: 70/71 MP: 8/8
  4419 | D:6      | HP: 2/71 [gnoll/+0 halberd[a gnoll sergeant] (10)]
  4419 | D:6      | Mangled by a gnoll sergeant

Illustrated notes

Levels and vault maps discovered:
D:1:      shiori_arrival_maze, layout_loops_ring,
          chequers_ecumenical_altar_simple_redux
D:2:      layout_basic, minmay_goblin_outpost
D:3:      layout_basic, amethyst_overflow_temple_binary,
          overflow_temple_1_default, tgw_xom, kennysheep_donut
D:4:      layout_basic, zin_purify, minmay_manual_mandibuliform, uniq_ijyb
D:5:      layout_loops_ring, uniq_edmund
D:6:      layout_basic, uniq_eustachio

Skill      XL: |  1  2  3  4  5  6  7 |
---------------+----------------------+-----
Axes           | 3 4 5 6 7 9 |  9.8
Fighting       | 4 5 6 |  6.7
Shields        | 4 |  4.8
Invocations    | 2 |  2.3
Armour         | 4 |  4.7

Action                     |  1- 3 |  4- 6 |  7- 9 || total
---------------------------+-------+-------+-------++-------
  Melee: War axe           |    98 |   118 |    54 ||   270
         Headbutt          |    10 |    17 |    11 ||    38
 Invoke: Bend Time         |       |       |     1 ||     1
    Use: Scroll            |       |    10 |     3 ||    13
         Potion            |       |     2 |       ||     2
 Armour: Scale mail        |    31 |       |       ||    31
         Plate armour      |    35 |    77 |    31 ||   143
  Dodge: Dodged            |    43 |    44 |    20 ||   107
  Block: Buckler           |    31 |    16 |    19 ||    66
